 Dungeon Crawl Stone Soup version 0.29-a0-121-g8efb068a30 (webtiles) character file.

Game seed: 13180089651025516090

1253 siradein the Ruffian (level 8, -8/79 HPs)
             Began as a Troll Fighter on Feb 21, 2022.
             Was a Follower of Qazlal.
             Mangled by a troll (10 damage)
             ... on level 6 of the Dungeon.
             The game lasted 00:13:26 (3506 turns).

siradein the Ruffian (Troll Fighter)                Turns: 3506, Time: 00:13:27

Health: -8/79      AC:  4    Str: 25    XL:     8   Next: 26%
Magic:  17/17      EV: 10    Int:  4    God:    Qazlal [*.....]
Gold:   312        SH: 11    Dex: 17    Spells: 7/7 levels left

rFire   + . .      SeeInvis +     - Unarmed
rCold   . . .      Faith    .   b - +0 kite shield
rNeg    . . .      Spirit   .   a - +0 robe
rPois   .          Reflect  .   (helmet restricted)
rElec   +          Harm     .   (no cloak)
rCorr   .          Rampage  .   (gloves unavailable)
Will    .....                   (boots unavailable)
Stlth   +.........              t - amulet "Kus Evagriti" {RegenMP rElec rF+ Dex+6 Stlth-}
HPRegen 1.03/turn               e - ring of magical power
MPRegen 0.55/turn               n - ring of see invisible

@: no status effects
A: large, unfitting armour, claws 3, regeneration 1, shaggy fur 1, tough skin 1
a: Renounce Religion


You were on level 6 of the Dungeon.
You worshipped Qazlal.
Qazlal was aware of your devotion.
You visited 2 branches of the dungeon, and saw 7 of its levels.

You collected 312 gold pieces.

Inventory:

Hand Weapons
 u - a +0 hunting sling
Missiles
 g - 252 stones (quivered)
 o - 70 sling bullets
 r - 2 poisoned darts
Armour
 a - a +0 robe (worn)
 b - a +0 kite shield (worn)
Jewellery
 e - a ring of magical power (left claw)
 n - a ring of see invisible (right claw)
 t - the amulet "Kus Evagriti" (around neck) {RegenMP rElec rF+ Dex+6 Stlth-}
   (You found it on level 3 of the Dungeon)

   [amulet of magic regeneration]

   It increases your rate of magic regeneration.
   Dex:       It affects your dexterity (+6).
   rF:        It protects you from fire.
   rElec:     It insulates you from electricity.
   Stlth:     It makes you less stealthy.
Scrolls
 d - a scroll of magic mapping
 h - a scroll of silence
 j - a scroll of amnesia
 k - 2 scrolls of fear
 p - a scroll of enchant weapon
 v - a scroll of noise {unknown}
 w - 3 scrolls of teleportation {unknown}
 x - a scroll of torment {unknown}
Potions
 c - a potion of might
 f - 3 potions of ambrosia
 i - 2 potions of flight
 l - 4 potions of resistance
 m - a potion of attraction
 q - 2 potions of curing
 s - a potion of heal wounds


   Skills:
 + Level 4.3 Fighting
 + Level 2.9 Throwing
 + Level 4.4 Dodging
 + Level 4.3 Shields
 + Level 4.7 Unarmed Combat
 + Level 2.2 Invocations


You had 7 spell levels left.
You didn't know any spells.
Your spell library contained the following spells:

 Spells                   Type           Power      Damage    Failure   Level
 Corpse Rot               Necr/Air       0%         N/A       89%         2
 Poisonous Vapours        Pois/Air       0%         N/A       89%         2
 Dispel Undead            Necr           0%         3d6       100%        4
 Leda's Liquefaction      Hex/Erth       0%         N/A       100%        4
 Lee's Rapid Deconstruct  Erth           0%         3d5*      100%        5
 Death Channel            Necr           0%         N/A       100%        6
 Statue Form              Tmut/Erth      0%         N/A       100%        6


Dungeon Overview and Level Annotations

Branches:
Dungeon (6/15)             Temple (1/1) D:4

Altars:
Ashenzari
Cheibriados
Gozag
Hepliaklqana
Kikubaaqudgha
Makhleb
Nemelex Xobeh
Qazlal
Sif Muna
Trog
Uskayaw
The Shining One


Innate Abilities, Weirdness & Mutations

You are too large for most types of armour.
You have claws for hands.
Your natural rate of healing is unusually fast.
You are covered in fur. (AC +1)
You have tough skin. (AC +1)


Message History

You block the bullfrog's attack.
You scratch the bullfrog.
The bullfrog is lightly wounded.
You block the bullfrog's attack.
You scratch the bullfrog.
The bullfrog is moderately wounded.
You block the bullfrog's attack. The bullfrog hits you.
You claw the bullfrog!
The bullfrog is almost dead.
The bullfrog hits you.
You barely miss the bullfrog.
The bullfrog is almost dead.
The bullfrog barely misses you.
The bullfrog releases a deep croak.
You block the bullfrog's attack.
You claw the bullfrog!
You kill the bullfrog!
Qazlal accepts your kill.
You are now surrounded by a storm.
You hear the rusting of a very distant drain.
You claw the troll!
The troll is moderately wounded.
The troll closely misses you. You block the troll's attack.
The troll claws you but does no damage.
You claw the troll!
The troll is moderately wounded.
You block the troll's attack. The troll claws you! The troll claws you.
You claw the troll!
The troll is severely wounded.
The troll bites you. You block the troll's attack. The troll barely misses you.
You claw the troll!
The troll is almost dead.
The troll bites you! You block the troll's attack. The troll claws you.
You scratch the troll.
The troll is almost dead.
You block the troll's attack. The troll barely misses you. The troll claws you!
* * * LOW HITPOINT WARNING * * *
Found 6 poisoned darts.
The troll bites you!
* * * LOW HITPOINT WARNING * * *
You block the troll's attack. The troll claws you!
You die...

.......# ....#......## ..###..#
###.(. #...........# .. ..#
......# #.....).#...## .. ..
.......###.......#...## .. ...
#.......#..##........# ...
#........###.......#. #.# .#
#................## #.#
..###..............##
#.#........#..@...........#
#.#...........T....###....#
#.#.........(......# #....#
#.#.#............?## ##...#
##.##..............# #...##
##.:.###...##.......# #....## #
.##.##......##......## ##....##.
#.#.#.#.......#......## #....#..
..)#....##............####.......


You could see a troll.

Vanquished Creatures
  A sky beast (D:5)
  2 ice beasts
  A black bear (D:5)
  An ogre (D:4)
  2 phantoms
  A bullfrog (D:6)
  3 scorpions
  A hound (D:3)
  3 orc priests
  2 iguanas
  An orc wizard (D:5)
  A hound skeleton (D:5)
  A gnoll (D:6)
  9 adders
  A white imp (D:6)
  An adder skeleton (D:4)
  3 worms (D:2)
  A dart slug (D:1)
  16 orcs
  4 endoplasms
  3 giant cockroaches
  7 goblins
  8 hobgoblins
  7 jackals
  5 kobolds
  3 quokkas (D:3)
  9 ball pythons
  4 bats
  2 frilled lizards
  5 rats
108 creatures vanquished.

Vanquished Creatures (others)
  2 plants (D:3)
2 creatures vanquished.

Grand Total: 110 creatures vanquished

Notes
Turn   | Place    | Note
-------+----------+-------------------------------------------
     0 | D:1      | siradein the Troll Fighter began the quest for the Orb.
     0 | D:1      | Reached XP level 1. HP: 22/22 MP: 0/0
   217 | D:1      | Reached XP level 2. HP: 29/29 MP: 1/1
   296 | D:1      | Found a faded altar of an unknown god.
   729 | D:2      | Found a snail-covered altar of Cheibriados.
   790 | D:2      | Reached XP level 3. HP: 36/36 MP: 2/2
  1373 | D:3      | Found an ancient bone altar of Kikubaaqudgha.
  1410 | D:3      | Reached XP level 4. HP: 44/44 MP: 3/3
  1493 | D:3      | Reached XP level 5. HP: 53/53 MP: 4/4
  1742 | D:3      | Noticed an ice beast
  1758 | D:3      | Killed an ice beast
  1759 | D:3      | Reached XP level 6. HP: 44/61 MP: 5/5
  1791 | D:3      | Found a hazy altar of Hepliaklqana.
  1865 | D:3      | Reached skill level 1 in Throwing
  2033 | D:3      | Identified the amulet "Kus Evagriti" {RegenMP rElec rF+
                  | Dex+6 Stlth-}
  2346 | D:4      | Found a staircase to the Ecumenical Temple.
  2408 | Temple   | Entered the Ecumenical Temple
  2431 | Temple   | Became a worshipper of Qazlal Stormbringer
  2572 | D:4      | Reached XP level 7. HP: 57/68 MP: 6/6
  2611 | D:4      | Found an opulent altar of Gozag.
  2611 | D:4      | Found a glowing golden altar of the Shining One.
  2629 | D:5      | Entered Level 5 of the Dungeon
  2730 | D:5      | Reached skill level 1 in Invocations
  3219 | D:6      | Reached XP level 8. HP: 74/78 MP: 8/8
  3220 | D:6      | Found a bloodstained altar of Trog.
  3427 | D:6      | Noticed a troll
  3480 | D:6      | Reached * piety under Qazlal
  3506 | D:6      | HP: 2/79 [troll (16)]
  3506 | D:6      | Mangled by a troll

Illustrated notes

Levels and vault maps discovered:
D:1:      wander_arrival_lonely_grave, layout_basic,
          shapermc_ecumenical_altar_mp_highgroup
D:2:      layout_loops_ring, basic_altar, small_statue_intersection
D:3:      layout_loops_cross, nicolae_hepliaklqana_hazy_memory,
          mainiacjoe_overflow_boulevard, minmay_fractal_squares_5
D:4:      layout_basic, chequers_temple_overflow_statue_of_worship,
          temple_doors_e
D:5:      layout_cave_pools
D:6:      minmay_bubble_buster, layout_layer_cave, mainiacjoe_overflow_catwalk,
          portal_sewer_entry_f, minmay_manual_monstrance
Temple:   regret_index_temple_waves

Skill      XL: |  1  2  3  4  5  6  7  8 |
---------------+-------------------------+-----
Fighting       | 3 4 |  4.3
Dodging        | 3 4 |  4.4
Shields        | 3 4 |  4.3
Unarmed Combat | 3 4 |  4.7
Throwing       | 1 2 |  2.9
Invocations    | 1 2 |  2.2

Action                   |  1- 3 |  4- 6 |  7- 9 || total
-------------------------+-------+-------+-------++-------
Melee: Unarmed           |    83 |   138 |   121 ||   342
Throw: Stone             |       |     4 |       ||     4
  Use: Scroll            |     8 |       |     3 ||    11
       Potion            |       |       |     3 ||     3
Armor: Robe              |    23 |    29 |    21 ||    73
Dodge: Dodged            |    28 |    51 |    64 ||   143
Block: Kite shield       |    31 |    37 |    84 ||   152

Table legend: (Time is in decaauts)
 A = Elapsed time spent in this place.
 B = Non-inter-level travel time spent in this place.
 C = Inter-level travel time spent in this place.
 D = Time resting spent in this place.
 E = Time spent auto-exploring this place.
 F = Levels seen in this place.
 G = Mean time per level.
                   A        B        C        D        E       F      G
               +--------+--------+--------+--------+--------+-----+--------+
         Total |   3527 |   3393 |    134 |      0 |   2372 |   7 |  503.9 |
       Dungeon |   3487 |   3353 |    134 |      0 |   2358 |   6 |  581.2 |
        Temple |     39 |     39 |      0 |      0 |     14 |   1 |   39.0 |
               +--------+--------+--------+--------+--------+-----+--------+

Top non-repeatable levels by time:
     D:3: 844 daAuts
     D:1: 726 daAuts
     D:2: 638 daAuts
     D:5: 560 daAuts
     D:4: 396 daAuts
     D:6: 321 daAuts
  Temple: 39 daAuts
